Map: New Repugnancy LE

Players

ZaZen

  • Race: Protoss Protoss
  • League: Silver
  • Spawn Location: 7:00

palta - Winner!

  • Race: Terran Terran
  • League: Silver
  • Spawn Location: 1:00

VOD

Have the link to the VOD?

Description

Time

  • Played on: May 18, 2019, 7:23 p.m.
  • Length: 8:42
Show
View Real Time Build Order
Export as new Build Order

ZaZen Protoss 

Build Orders:  

Get SALT Encoding   

  12  0:01  Probe  
  13  0:17  Pylon  
  13  0:19  Probe  
  14  0:31  Probe  
  15  0:42  Pylon  
  15  0:45  Probe  
  16  0:57  Probe  
  16  1:01  Gateway  
  17  1:09  Probe  
  18  1:11  Assimilator  
  18  1:30  Nexus  
  18  1:31  Probe  
  19  1:42  Zealot  
  19  1:53  Cybernetics Core  
  21  2:02  Probe  
  21  2:07  Assimilator  
  22  2:13  Zealot  
  24  2:37  Stalker  
  26  3:05  Probe x2  
  28  3:13  Warp Gate, Probe x2  
  30  3:23  Stargate  
  30  3:24  Gateway  
  30  3:26  Gateway  
  30  3:27  Gateway  
  30  3:37  Probe x2  
  32  3:49  Probe  
  33  3:59  Probe  
  35  4:10  Probe  
  35  4:17  Nexus  
  35  4:19  Probe  
  35  4:23  Oracle  
  39  4:33  Pylon  
  39  4:38  Probe  
  39  4:39  Probe  
  41  4:48  Pylon  
  41  4:53  Robotics Facility  
  41  4:55  Twilight Council  
  41  5:02  Stalker x2  
  45  5:11  Sentry x2  
  49  5:15  Probe x2  
  51  5:26  Gateway  
  51  5:27  Probe  
  49  5:34  Observer  
  45  5:54  Stalker x3  
  48  6:02  Probe x2  
  48  6:03  Probe  
  49  6:14  Probe x2  
  49  6:15  Probe  
  51  6:31  Probe x2  
  53  6:38  Forge  
  53  6:39  Forge  
  53  6:40  Probe  
  53  6:43  Probe  
  53  6:44  Probe  
  56  6:50  Probe  
  56  6:51  Probe  
  56  6:52  Probe  
  57  6:55  Pylon  
  59  7:04  Probe x2  
  61  7:10  Pylon  
  61  7:15  Pylon  
  61  7:20  Photon Cannon  
  61  7:28  Assimilator, Pylon  
  57  7:33  Assimilator  
  57  7:36  Stalker x2  
  47  7:53  Probe  
  35  7:59  Stalker  
  35  8:00  Stalker x3  
  43  8:11  Probe x2  
  46  8:26  Zealot x3  
  54  8:28  Sentry  
Show
View Real Time Build Order
Export as new Build Order

palta Terran - Winner!

Build Orders: Banshee Rush 

Get SALT Encoding   

  12  0:01  SCV  
  13  0:13  SCV  
  14  0:19  Supply Depot  
  14  0:25  SCV  
  15  0:41  SCV  
  15  0:42  Barracks  
  16  0:49  Refinery  
  16  0:53  SCV  
  17  0:57  Refinery  
  17  1:05  SCV  
  18  1:17  SCV  
  19  1:29  SCV  
  19  1:32  Marine  
  21  1:40  Factory  
  21  1:43  SCV  
  22  1:50  Marine  
  23  1:58  Orbital Command, Supply Depot  
  23  2:09  Barracks Reactor  
  23  2:28  Factory Tech Lab  
  23  2:40  SCV  
  23  2:43  Starport  
  24  2:48  Marine  
  25  2:52  SCV  
  26  3:03  Marine  
  27  3:05  Marine  
  27  3:08  Supply Depot  
  27  3:12  Siege Tank  
  31  3:21  Starport Tech Lab  
  31  3:29  Supply Depot, Marine x2  
  31  3:30  SCV  
  34  3:39  Cloaking Field  
  34  3:40  Banshee  
  37  3:50  Command Center  
  37  4:06  Barracks  
  37  4:09  Marine x2  
  38  4:13  Siege Tank  
  42  4:17  SCV  
  43  4:27  Marine  
  43  4:29  SCV  
  45  4:45  Supply Depot  
  45  4:51  Medivac  
  47  4:56  Barracks Tech Lab  
  47  4:57  Supply Depot  
  47  4:58  Rapid Reignition System  
  47  5:03  Engineering Bay  
  47  5:07  Orbital Command  
  47  5:11  SCV  
  48  5:21  Medivac  
  50  5:23  SCV  
  51  5:37  SCV x2  
  53  5:49  SCV  
  54  6:10  Marine  
  54  6:11  Marine x2  
  56  6:14  Siege Tank  
  60  6:28  Marine x2  
  60  6:29  Marine  
  63  6:34  SCV x2  
  63  6:39  Refinery  
  65  6:41  Refinery  
  65  6:46  SCV, Siege Tank, Marine x3  
  72  6:56  SCV  
  72  6:58  SCV  
  74  7:01  Viking  
  74  7:04  Marine x2  
  74  7:05  Supply Depot  
  74  7:08  Supply Depot  
  78  7:27  SCV, Siege Tank, Marine x3  
  85  7:31  Viking  
  87  7:44  Marine x2  
  87  7:45  Reaper  
  83  8:02  Marine x2  
  79  8:16  Marine  
  80  8:20  Marine x2  
Tags
 
Add a new tag
Caveats
  • Supply blocks, unpowered buildings, or Contaminate may cause inaccurate times.
  • Supply counts are checked every 10 seconds.